 Dungeon Crawl Stone Soup version 0.17.0-24-gcfadda4 (webtiles) character file.

21 Gargoyl the Skirmisher (level 2, -3/24 HPs)
             Began as a Demonspawn Abyssal Knight on Nov 17, 2015.
             Was a Follower of Lugonu.
             Killed by nerve-wracking pain
             ... invoked by Jessica
              (4 damage)
             ... on level 2 of the Dungeon.
             The game lasted 00:01:46 (1153 turns).

Gargoyl the Skirmisher (Demonspawn Abyssal Knight)  Turns: 1153, Time: 00:01:46

Health: -3/24      AC:  5    Str: 12    XL:     2   Next: 62%
Magic:  3/3        EV: 10    Int: 13    God:    Lugonu [*.....]
Gold:   29         SH:  0    Dex: 16    Spells: 0 memorised, 1 level left

rFire  + . .     SeeInvis .     a - +1 hand axe
rCold  + . .     Clarity  .     g - +0 ring mail
rNeg   . . .     SustAt   .     (no shield)
rPois  +         Gourm    .     (no helmet)
rElec  +         Spirit   .     (no cloak)
rCorr  +         Warding  .     (no gloves)
rMut   .         Stasis   .     (no boots)
MR     .....                    (no amulet)
Stlth  +.........               (no ring)
                                b - +4 ring of dexterity

@: resistant, not resistant to hostile enchantments, very unstealthy
A: hooves 1
a: Depart the Abyss, Renounce Religion


You were on level 2 of the Dungeon.
You worshipped Lugonu.
Lugonu was aware of your devotion.
You were hungry.

You visited 1 branch of the dungeon, and saw 2 of its levels.
You visited the Abyss 1 time.

You collected 29 gold pieces.

Inventory:

Hand Weapons
 a - a +1 hand axe (weapon)
Armour
 g - a +0 ring mail (worn)
 j - a +0 hat
Jewellery
 b - a +4 ring of dexterity (left hand)
Scrolls
 d - a scroll of fear {unknown}
 e - a scroll of teleportation {unknown}
 f - 3 scrolls of identify {unknown}
 h - a scroll of enchant weapon {unknown}
Potions
 i - a potion of resistance
Comestibles
 c - a bread ration


   Skills:
 + Level 3.6 Fighting
 + Level 2.0 Axes
 + Level 1.9 Armour
 + Level 1.1 Dodging
 + Level 2.4 Invocations


You had one spell level left.
You didn't know any spells.

Dungeon Overview and Level Annotations

Branches:
Dungeon (2/15)

Altars:

Annotations:
D:2 Jessica


Innate Abilities, Weirdness & Mutations

You have large cloven feet.


Message History

Pain shoots through your body!
Ouch! That really hurt!
The adder bites you but does no damage. The quokka bites you.
* * * LOW HITPOINT WARNING * * *
Unknown command.
Drink which item? (? for menu, Esc to quit)
It was a potion of resistance.
You feel protected. Jessica hits you but does no damage.
The adder completely misses you. The quokka bites you.
* * * LOW HITPOINT WARNING * * *
You hit Jessica.
Jessica is lightly wounded.
You barely miss the adder. You hit the quokka.
The quokka is lightly wounded.
The adder bites you but does no damage. The quokka bites you.
* * * LOW HITPOINT WARNING * * *
Jessica points at you and mumbles some strange words.
Pain shoots through your body!
You die...

..?. .........
....##... .....
#......#......
#..#...#......
#......#.#....
###...<.........
#.....r......#
#..@@.<....#
....>..S......+
##.#?.........#
#...?........+
#..$..........#
#$.##+#########
... ##


You could see an adder, Jessica and a quokka.

Vanquished Creatures
  A giant gecko (D:1)
  A bat (D:1)
  2 giant cockroaches (D:1)
  3 hobgoblins (D:1)
  2 kobolds (D:1)
  3 giant newts (D:1)
  2 goblins (D:1)
  5 rats (D:1)
19 creatures vanquished.

Notes
Turn   | Place    | Note
--------------------------------------------------------------
     0 | Abyss:1  | Gargoyl the Demonspawn Abyssal Knight began the quest for the Orb.
     0 | Abyss:1  | Reached XP level 1. HP: 18/18 MP: 2/2
     2 | Abyss:1  | Found a shimmering altar of Xom.
    36 | Abyss:1  | Found a corrupted altar of Lugonu.
    36 | Abyss:1  | Found a corrupted altar of Lugonu.
   147 | Abyss:1  | Noticed a spatial maelstrom
   147 | Abyss:1  | Noticed a spatial vortex
   147 | Abyss:1  | Noticed a spatial vortex
   149 | Abyss:1  | Noticed a spatial vortex
   149 | D:1      | Escaped the Abyss
   356 | D:1      | Gained mutation: You have large cloven feet. [demonic ancestry]
   356 | D:1      | Reached XP level 2. HP: 17/24 MP: 3/3
   573 | D:1      | Reached * piety under Lugonu
   911 | D:1      | Reached skill level 1 in Dodging
  1148 | D:2      | Noticed Jessica
  1153 | D:2      | HP: 1/24 [quokka (1)]
  1153 | D:2      | Killed from afar by Jessica

Action                   || total
-------------------------++-------
Melee: Hand axe          ||    61
Invok: Depart the Abyss  ||     1
  Use: Potion            ||     1
